Map: Frozen Temple

Players

MaSa

  • Race: Terran Terran

Showtime - Winner!

  • Race: Protoss Protoss

Event: DreamHack Open Tours WCS Spring Championship

VOD

https://www.youtube.com/watch?v=kijz76l9PwY

Description

Time

  • Played on: May 16, 2016, 7:15 a.m.
  • Length: 11:39

All games in this series

Show
View Real Time Build Order
Export as new Build Order

MaSa Terran 

Build Orders: MMM Bio 

Get SALT Encoding   

  12  0:00  SCV  
  13  0:12  SCV  
  14  0:17  Supply Depot  
  14  0:24  SCV  
  15  0:39  SCV  
  15  0:40  Barracks  
  16  0:51  SCV  
  16  0:56  Supply Depot  
  17  1:03  SCV  
  18  1:15  SCV  
  19  1:27  Command Center  
  19  1:29  Marine  
  20  1:37  Orbital Command  
  20  1:47  Marine  
  21  1:55  Barracks  
  21  2:00  Barracks  
  21  2:04  SCV  
  21  2:07  Marine  
  23  2:16  SCV  
  23  2:20  Refinery x2  
  24  2:25  Marine  
  24  2:28  SCV  
  26  2:40  Orbital Command  
  26  2:41  SCV  
  26  2:42  Marine  
  26  2:44  Marine  
  28  2:47  Marine  
  30  2:53  SCV  
  31  3:00  Marine  
  31  3:02  Barracks Tech Lab  
  31  3:03  Orbital Command  
  31  3:05  Marine  
  33  3:06  SCV  
  34  3:18  SCV  
  35  3:20  Marine  
  35  3:21  Stimpack, Marine  
  35  3:22  Marine  
  35  3:23  Supply Depot  
  38  3:30  SCV, Factory  
  38  3:33  SCV  
  40  3:38  Engineering Bay  
  40  3:40  Marine x2  
  42  3:43  SCV  
  42  3:46  SCV  
  44  3:52  Marine  
  44  3:55  SCV  
  46  3:58  Marauder  
  46  3:59  Barracks Reactor  
  46  4:01  SCV  
  49  4:06  Supply Depot, Bunker  
  49  4:07  SCV  
  50  4:12  Barracks Tech Lab  
  50  4:15  Starport, Factory Reactor  
  50  4:23  Bunker  
  50  4:25  Supply Depot  
  50  4:30  SCV, Marauder  
  53  4:32  SCV  
  53  4:37  Marauder  
  56  4:41  Refinery, Marine  
  56  4:44  Marine  
  58  4:49  SCV x2  
  60  4:53  Supply Depot  
  60  5:00  Medivac  
  60  5:02  Medivac  
  60  5:03  Marine x2  
  60  5:06  SCV  
  67  5:08  SCV  
  67  5:13  Missile Turret  
  68  5:16  Marauder  
  68  5:18  Marauder  
  68  5:21  SCV x2  
  73  5:24  Supply Depot  
  73  5:28  Combat Shields  
  73  5:33  SCV, Marine  
  73  5:34  Marine  
  76  5:36  Medivac  
  78  5:46  SCV  
  78  5:47  Marauder x2  
  78  5:49  Supply Depot  
  83  5:54  SCV  
  83  5:55  Supply Depot  
  83  5:56  Medivac  
  86  6:08  Terran Infantry Weapons Level 1  
  86  6:10  SCV  
  87  6:14  SCV  
  87  6:20  Command Center  
  87  6:21  Marine x2  
  87  6:23  SCV, Concussive Shells  
  90  6:26  SCV  
  90  6:27  Marauder  
  90  6:28  Marauder  
  95  6:35  SCV  
  94  6:40  SCV  
  94  6:41  Widow Mine, Medivac  
  94  6:46  Supply Depot  
  94  6:47  Supply Depot, SCV, Refinery  
  99  6:49  Marine  
  99  6:50  Marine  
  102  7:07  SCV x2, Medivac  
  102  7:08  Marine, Marauder x2  
  110  7:15  Barracks  
  111  7:16  Barracks  
  111  7:19  SCV  
  112  7:25  Marine  
  112  7:26  Marine  
  112  7:27  SCV  
  112  7:29  Marauder  
  117  7:34  SCV  
  118  7:38  Medivac, Marauder  
  118  7:39  Medivac  
  118  7:43  SCV  
  125  7:52  Marauder  
  125  7:57  SCV  
  127  8:08  Medivac  
  127  8:10  SCV  
  129  8:13  Barracks Tech Lab, Barracks Reactor, Marine x2, Marauder  
  129  8:16  Supply Depot  
  129  8:17  Armory  
  129  8:18  Engineering Bay  
  133  8:24  Refinery  
  133  8:31  Orbital Command  
  133  8:38  SCV  
  132  8:44  Fusion Core, SCV  
  132  8:46  Marine  
  132  8:47  Starport, Marauder x2  
  134  8:50  SCV, Marine x2  
  137  8:56  SCV  
  137  8:59  Refinery, Marine, Marauder  
  137  9:00  Supply Depot  
  137  9:01  Liberator x2  
  141  9:05  SCV  
  140  9:12  Marine  
  141  9:19  Widow Mine, Marauder  
  141  9:22  Marauder  
  141  9:24  Marine x2  
  151  9:25  Starport Tech Lab  
  153  9:36  Marine  
  153  9:37  Marine, Marauder  
  157  9:40  Supply Depot  
  157  9:43  Supply Depot  
  157  9:44  Supply Depot  
  157  9:45  Liberator  
  157  9:57  Supply Depot, Marine  
  157  9:58  Supply Depot  
  157  9:59  Liberator  
  157  10:01  Widow Mine  
  157  10:02  Marauder  
  164  10:07  Marine, Marauder x2  
  169  10:15  Liberator, Marine  
  169  10:20  Advanced Ballistics  
  171  10:25  Marine x2  
  171  10:26  Marauder  
  171  10:27  Liberator  
  165  10:29  Marauder  
  165  10:34  SCV  
  152  10:48  Marine x3  
  158  11:00  Widow Mine  
  163  11:07  Marine x2, Marauder x2  
Show
View Real Time Build Order
Export as new Build Order

Showtime Protoss - Winner!

Build Orders: 1 Gate Expand, Blink Stalkers 

Get SALT Encoding   

  12  0:00  Probe (Chrono Boost)  
  13  0:11  Probe (Chrono Boost)  
  14  0:18  Pylon  
  14  0:22  Probe (Chrono Boost)  
  15  0:37  Probe (Chrono Boost), Gateway  
  16  0:43  Assimilator  
  16  0:47  Probe (Chrono Boost)  
  17  0:58  Probe (Chrono Boost)  
  18  1:08  Probe (Chrono Boost)  
  19  1:21  Nexus  
  19  1:32  Cybernetics Core  
  19  1:34  Probe (Chrono Boost)  
  19  1:39  Assimilator  
  20  1:45  Probe (Chrono Boost)  
  21  1:52  Pylon  
  21  1:55  Probe (Chrono Boost)  
  22  2:11  Mothership Core (Chrono Boost)  
  22  2:12  Warp Gate  
  24  2:21  Stalker  
  26  2:29  Probe (Chrono Boost)  
  27  2:33  Probe (Chrono Boost)  
  28  2:39  Probe (Chrono Boost)  
  28  2:42  Robotics Facility  
  28  2:43  Probe (Chrono Boost)  
  30  2:50  Probe (Chrono Boost)  
  31  2:54  Probe (Chrono Boost)  
  32  3:00  Probe (Chrono Boost)  
  32  3:04  Probe (Chrono Boost)  
  34  3:11  Twilight Council, Probe (Chrono Boost)  
  35  3:15  Probe (Chrono Boost)  
  36  3:21  Probe (Chrono Boost)  
  36  3:25  Probe (Chrono Boost), Gateway  
  36  3:26  Gateway  
  38  3:29  Observer (Chrono Boost)  
  38  3:32  Probe  
  40  3:35  Probe  
  40  3:36  Pylon  
  41  3:44  Probe  
  41  3:47  Probe  
  43  3:48  Blink (Chrono Boost)  
  43  3:52  Assimilator  
  43  3:56  Probe, Observer  
  43  3:59  Probe  
  46  4:08  Probe  
  47  4:12  Nexus  
  47  4:16  Pylon  
  47  4:26  Stalker  
  47  4:27  Stalker  
  47  4:28  Stalker  
  53  4:36  Probe, Warp Prism  
  55  4:40  Pylon  
  56  4:55  Stalker x3  
  56  4:58  Probe x2  
  64  5:04  Pylon  
  64  5:10  Probe  
  64  5:11  Probe  
  66  5:20  Stalker x2  
  70  5:23  Probe x2  
  70  5:24  Stalker  
  70  5:26  Probe  
  75  5:35  Probe x2  
  77  5:36  Probe  
  77  5:37  Pylon  
  78  5:45  Sentry  
  78  5:47  Probe  
  81  5:54  Pylon  
  81  5:55  Adept, Pylon  
  81  5:56  Adept  
  85  5:58  Forge  
  85  6:01  Gateway  
  85  6:02  Probe x3  
  85  6:04  Gateway  
  88  6:07  Gateway, Observer  
  88  6:14  Probe  
  88  6:15  Probe  
  88  6:16  Probe  
  88  6:17  Stalker x2  
  88  6:23  Protoss Ground Armor Level 1 (Chrono Boost)  
  85  6:25  Probe  
  85  6:27  Probe  
  85  6:28  Probe  
  85  6:31  Adept  
  90  6:39  Probe  
  91  6:41  Probe x2  
  91  6:42  Gateway  
  91  6:45  Gateway  
  93  6:47  Observer  
  93  6:50  Pylon  
  93  6:51  Probe x2  
  93  6:53  Probe  
  97  6:54  Adept x3  
  97  6:57  Pylon  
  103  7:03  Resonating Glaives (Chrono Boost)  
  103  7:06  Probe x2  
  103  7:07  Probe  
  106  7:13  Assimilator  
  106  7:15  Assimilator  
  106  7:18  Probe x2  
  106  7:19  Probe  
  106  7:20  Adept  
  106  7:21  Adept x3  
  117  7:27  Immortal  
  116  7:36  Probe x3  
  123  7:39  Assimilator  
  123  7:42  Pylon  
  123  7:43  Pylon  
  123  7:46  Pylon  
  123  7:59  Adept  
  123  8:00  Adept  
  123  8:01  Adept x3  
  123  8:02  Adept x3  
  137  8:05  Immortal  
  137  8:10  Protoss Ground Weapons Level 1 (Chrono Boost)  
  141  8:22  Forge, Pylon  
  141  8:24  Pylon  
  141  8:26  Sentry x2  
  145  8:28  Adept, Stalker x2  
  145  8:29  Stalker x2  
  154  8:37  Pylon  
  154  8:43  Nexus  
  154  8:47  Observer  
  152  8:51  Stalker x2  
  152  8:52  Adept x2, Stalker  
  160  8:57  Protoss Ground Armor Level 2 (Chrono Boost)  
  160  9:14  Dark Shrine  
  160  9:16  Pylon  
  160  9:23  Adept x4  
  160  9:24  Adept, Stalker x3  
  170  9:27  Pylon  
  170  9:28  Pylon  
  174  9:34  Charge  
  174  9:48  Pylon  
  174  9:55  Adept x3  
  174  9:56  Adept x2  
  176  10:22  Stalker x3  
  176  10:23  Adept x5  
  190  10:33  Warp Prism  
  188  10:47  Adept x4, Stalker x3  
  188  10:48  Adept  
  200  10:56  Stargate, Assimilator x2  
  200  11:10  Pylon  
  188  11:14  Stalker  
  188  11:15  Stalker x3  
  184  11:20  Probe  
  184  11:21  Probe  
  184  11:22  Probe x2  
  158  11:38  Nexus  

Tags
 
Add a new tag
Caveats
  • Supply blocks, unpowered buildings, or Contaminate may cause inaccurate times.
  • Supply counts are checked every 10 seconds.